 Dungeon Crawl Stone Soup version 0.27-a0-1434-g6f15984924 (webtiles) character file.

Game seed: 17703722593105927597

486 avis the Insei (level 7, 0/52 HPs)
             Began as a Merfolk Transmuter on July 4, 2021.
             Succumbed to a scorpion's poison
             ... on level 4 of the Dungeon.
             The game lasted 00:28:06 (5047 turns).

avis the Insei (Merfolk Transmuter)                 Turns: 5047, Time: 00:28:07

Health: 0/52       AC:  3    Str: 11    XL:     7   Next: 13%
Magic:  10/10      EV: 13    Int: 12    God:
Gold:   168        SH:  0    Dex: 16    Spells: 2/10 levels left

rFire    . . .     SeeInvis .     - Unarmed
rCold    . . .     Faith    .   (no shield)
rNeg     . . .     Spirit   .   a - +0 robe
rPois    .         Reflect  .   (no helmet)
rElec    .         Harm     .   (no cloak)
rCorr    .         Rampage  .   e - +0 pair of gloves
Will     .....                  (no boots)
Stlth    ++........             (no amulet)
HPRegen  0.17/turn              r - ring of wizardry
MPRegen  0.12/turn              (no ring)

@: lethally poisoned (0 -> -8), attractive
A: (nimble swimmer 2), mertail
a: no special abilities


You were on level 4 of the Dungeon.
You visited 1 branch of the dungeon, and saw 6 of its levels.

You collected 168 gold pieces.

Inventory:

Hand Weapons
 b - a +0 hunting sling
 s - a +1 short sword of venom
 v - a +0 dagger of electrocution
Missiles
 d - 30 arrows
 i - 65 stones
 j - 38 sling bullets
 k - 10 boomerangs (quivered)
 n - 20 bolts
 t - 2 throwing nets
 u - 18 poisoned darts
 C - 7 curare-tipped darts
Armour
 a - a +0 robe (worn)
 e - a +0 pair of gloves (worn)
 w - a +0 kite shield
Jewellery
 p - a ring of fire
 r - a ring of wizardry (left hand)
Scrolls
 c - a scroll of acquirement {unknown}
 g - 2 scrolls of magic mapping {unknown}
 h - a scroll of identify {unknown}
 o - a scroll of fog {unknown}
 y - a scroll of enchant armour {unknown}
 A - 3 scrolls of holy word {unknown}
 E - a scroll of amnesia {unknown}
Potions
 f - a potion of attraction
 l - a potion of might {unknown}
 m - a potion of cancellation {unknown}
 q - a potion of brilliance {unknown}
 x - 2 potions of invisibility {unknown}
 z - a potion of heal wounds {unknown}
 B - a potion of mutation {unknown}
 D - 2 potions of haste {unknown}
 F - a potion of curing {unknown}


   Skills:
 - Level 3.0 Fighting
 - Level 4.0 Dodging
 - Level 2.0 Stealth
 * Level 7.2 Unarmed Combat
 - Level 2.0 Spellcasting
 - Level 3.0 Transmutations
 - Level 1.0 Poison Magic


You had 2 spell levels left.
You knew the following spells:

 Your Spells              Type           Power      Damage    Failure   Level
a - Beastly Appendage     Tmut           16%        N/A       3%          1
b - Ice Form              Ice/Tmut       4%         N/A       47%         4
p - Spider Form           Tmut/Pois      3%         N/A       14%         3

Your spell library contained the following spells:

 Spells                   Type           Power      Damage    Failure   Level
 Wereblood                Tmut           8%         N/A       4%          2
 Shock                    Conj/Air       4%         1d3       11%         1
 Dazzling Flash           Conj/Hex       2%         N/A       32%         3
 Swiftness                Air            1%         N/A       32%         3
 Airstrike                Air            0%         N/A       69%         4
 Iskenderun's Mystic Bla  Conj/Tloc      1%         2d3       69%         4
 Summon Lightning Spire   Summ/Air       1%         N/A       69%         4
 Agony                    Necr           1%         N/A       95%         5
 Lightning Bolt           Conj/Air       0%         1d11      95%         5
 Silence                  Hex/Air        0%         N/A       95%         5
 Starburst                Conj/Fire      0%         8x6d3     100%        6


Dungeon Overview and Level Annotations

Branches:
Dungeon (6/15)
 Temple: D:4-7

Altars:
Fedhas
Nemelex Xobeh


Innate Abilities, Weirdness & Mutations

((You are quick and stealthy near water. (Stealth+, EV+, Speed+++)))
Your lower body shifts to a powerful aquatic tail in water.


Message History

You barely miss the scorpion. The scorpion stings you.
You hit the scorpion.
The scorpion is lightly wounded.
The scorpion stings you.
You are poisoned.
The scorpion poisons you!
You closely miss the scorpion. You headbutt the scorpion.
The scorpion is moderately wounded.
You feel sick. The scorpion stings you.
You closely miss the scorpion.
The scorpion is moderately wounded.
You feel sick. The scorpion stings you.
You are more poisoned.
The scorpion poisons you!
You feel very sick.
You feel very sick.
You feel very sick. The scorpion stings you!
You feel sick.
You feel sick.
Your transformation is almost over.
You feel sick.
You feel sick.
You feel sick.
The scorpion stings you but does no damage.
You feel sick.
You feel sick.
You feel sick.
You are no longer poisoned.
The scorpion closely misses you.
Your horns disappear.
The scorpion stings you.
* * * LOW HITPOINT WARNING * * *
You are lethally poisoned!
The scorpion poisons you!
* * * LOW HITPOINT WARNING * * *
You feel very sick.
It was a potion of attraction.
You feel attractive to monsters.
You die...

#..[...........>.........#
#.#####..###.####...^...### #.#
#..###.Z............# #.#
#).#....#.#.......#.#
#.#####..#.####.#.......#.#
#.#......#.# #.#.......#.#
#.#.###.##.# #........#..##
#.#.###..#.#####.#.#.#.....###
#..........Zs@..###....#......
########################.#.....##
..........................####.#
#..#..#..#..#..#..#..#....####.##
.................................
#..#..#..#..#..#..#..#..######.##
..................)......#####.#
########################.......#
##.#.#####.#.############


You could see a scorpion and an adder skeleton.

Vanquished Creatures
  A sky beast (D:5)
  A scorpion (D:4)
  A water moccasin skeleton (D:3)
  An orc priest (D:3)
  A centaur skeleton (D:5)
  2 iguanas (D:4)
  An orc wizard (D:4)
  2 hound skeletons
  4 adders
  An adder zombie (D:5)
  2 worms
  3 dart slugs
  8 orcs
  11 endoplasms
  3 giant cockroaches
  5 goblins
  5 hobgoblins
  9 jackals (D:1)
  3 quokkas
  4 ball pythons
  4 bats
  A frilled lizard (D:1)
  6 kobolds
  3 rats
82 creatures vanquished.

Notes
Turn   | Place    | Note
-------+----------+-------------------------------------------
     0 | D:1      | avis the Merfolk Transmuter began the quest for the Orb.
     0 | D:1      | Reached XP level 1. HP: 15/15 MP: 3/3
   616 | D:1      | Reached XP level 2. HP: 21/21 MP: 3/5
   707 | D:1      | Reached skill level 4 in Unarmed Combat
  1131 | D:1      | Reached XP level 3. HP: 26/27 MP: 4/6
  1151 | D:1      | Learned a level 3 spell: Spider Form
  1462 | D:1      | Reached skill level 1 in Poison Magic
  2215 | D:2      | Reached XP level 4. HP: 13/33 MP: 2/7
  3216 | D:3      | Found a blossoming altar of Fedhas.
  3219 | D:3      | You fall into a shaft and drop 3 floors!
  3229 | D:5      | Entered Level 5 of the Dungeon
  3446 | D:5      | Noticed a sky beast
  3461 | D:5      | Killed a sky beast
  3462 | D:5      | Reached skill level 1 in Stealth
  3462 | D:5      | Reached skill level 5 in Unarmed Combat
  3462 | D:5      | Reached XP level 5. HP: 30/38 MP: 5/8
  3542 | D:5      | Reached skill level 6 in Unarmed Combat
  3659 | D:4      | Reached XP level 6. HP: 44/44 MP: 6/9
  4019 | D:4      | Reached skill level 7 in Unarmed Combat
  4287 | D:3      | Reached XP level 7. HP: 52/52 MP: 7/10
  4461 | D:3      | Learned a level 4 spell: Ice Form
  4567 | D:3      | Found a sparkling altar of Nemelex Xobeh.
  5046 | D:4      | HP: 2/52 [poisoned by a scorpion]
  5047 | D:4      | Succumbed to a scorpion's poison

Illustrated notes

Levels and vault maps discovered:
D:1:      saegor_arrival_miasma, layout_loops_corners
D:2:      layout_basic, serial_curves, eino_curves_02, eino_curves_02,
          eino_curves_04
D:3:      layout_rooms, nicolae_overflow_crystal_walls, fedhas_altar_1
D:4:      layout_loops_ring, gammafunk_ghost_smash, columned_hall_lemuel,
          minmay_cut_off
D:5:      layout_basic, yredelemnul_forgotten_temple_becter, zin_scriptorium,
          minmay_temple_entry_large_hall, small_statue_alley_b
D:6:      layout_basic, nicolae_ashenzari_panopticon, serial_shops, shop,
          uniq_sigmund, uniq_eustachio, uniq_maggie

Skill      XL: |  1  2  3  4  5  6  7 |
---------------+----------------------+-----
Unarmed Combat | 4 5 6 7 |  7.2
Dodging        | 3 4 |  4.0
Transmutations | 3 |  3.0
Fighting       | 2 3 |  3.0
Poison Magic   | 1 |  1.0
Stealth        | 1 2 |  2.0
Spellcasting   | |  2.0

Action                   |  1- 3 |  4- 6 |  7- 9 || total
-------------------------+-------+-------+-------++-------
Melee: Unarmed           |   122 |    93 |    52 ||   267
       Headbutt          |    14 |     8 |     8 ||    30
       Punch             |     2 |     2 |     3 ||     7
 Cast: Beastly Appendage |    29 |    10 |    14 ||    53
       Spider Form       |     1 |    10 |     1 ||    12
  Use: Potion            |       |       |     1 ||     1
 Stab: Sleeping          |     4 |     1 |     4 ||     9
Armor: Robe              |    26 |    13 |     7 ||    46
Dodge: Dodged            |    73 |    46 |    28 ||   147

Table legend: (Time is in decaauts)
 A = Elapsed time spent in this place.
 B = Non-inter-level travel time spent in this place.
 C = Inter-level travel time spent in this place.
 D = Time resting spent in this place.
 E = Time spent auto-exploring this place.
 F = Levels seen in this place.
 G = Mean time per level.
                   A        B        C        D        E       F      G
               +--------+--------+--------+--------+--------+-----+--------+
         Total |   5027 |   4832 |    195 |   1410 |   2092 |   6 |  837.8 |
       Dungeon |   5027 |   4832 |    195 |   1410 |   2092 |   6 |  837.8 |
               +--------+--------+--------+--------+--------+-----+--------+

Top non-repeatable levels by time:
     D:1: 1619 daAuts
     D:2: 1560 daAuts
     D:4: 796 daAuts
     D:3: 625 daAuts
     D:5: 219 daAuts
     D:6: 206 daAuts
